 Dungeon Crawl Stone Soup version 0.28.0-43-g3370ac3207 (webtiles) character file.

Game seed: 1983484126511656853

40 safid the Skirmisher (level 3, -8/33 HPs)
             Began as a Hill Orc Fighter on Mar 16, 2022.
             Mangled by a goblin
             ... wielding a +0 dagger of electrocution
             ... led by Robin
              (18 damage)
             ... on level 2 of the Dungeon.
             The game lasted 00:02:13 (1451 turns).

safid the Skirmisher (Hill Orc Fighter)             Turns: 1451, Time: 00:02:13

Health: -8/33      AC:  7    Str: 20    XL:     3   Next: 50%
Magic:  3/3        EV:  9    Int:  8    God:
Gold:   68         SH:  4    Dex: 10    Spells: 2/2 levels left

rFire   . . .      SeeInvis .   a - +0 war axe
rCold   . . .      Faith    .   c - +0 buckler
rNeg    . . .      Spirit   .   b - +0 scale mail
rPois   .          Reflect  .   (no helmet)
rElec   .          Harm     .   (no cloak)
rCorr   .          Rampage  .   (no gloves)
Will    .....                   (no boots)
Stlth   ..........              (no amulet)
HPRegen 0.11/turn               (no ring)
MPRegen 0.08/turn               (no ring)

@: no status effects
A: no striking features
a: no special abilities


You were on level 2 of the Dungeon.
You visited 1 branch of the dungeon, and saw 2 of its levels.

You collected 68 gold pieces.

Inventory:

Hand Weapons
 a - a +0 war axe (weapon)
Armour
 b - a +0 scale mail (worn)
 c - a +0 buckler (worn)
Scrolls
 f - a scroll of magic mapping {unknown}
 i - 2 scrolls of identify {unknown}
 j - a scroll of teleportation {unknown}
 k - a scroll of amnesia {unknown}
 l - a scroll of summoning {unknown}
Potions
 d - a potion of might
 e - a potion of curing {unknown}
 g - a potion of lignification {unknown}
 h - a potion of heal wounds {unknown}


   Skills:
 - Level 4.0 Fighting
 + Level 3.5 Axes
 + Level 3.8 Armour
 + Level 3.8 Shields


You had 2 spell levels left.
You didn't know any spells.
Your spell library was empty.

Dungeon Overview and Level Annotations

Branches:
Dungeon (2/15)

Altars:
Vehumet

Shops:
D:1 *

Annotations:
D:2 Robin


Message History

You see here a +0 dagger.
Found a robe.
No target in view!
You see here a +0 robe.
A hobgoblin comes into view.
The hobgoblin shouts!
A goblin comes into view.
It is wielding a +0 dagger of electrocution.
A goblin comes into view. It is wielding a +0 club.
The goblin shouts! x2
A goblin comes into view. It is wielding a +0 dagger.
The goblin shouts!
The hobgoblin hits you but does no damage.
Robin of the Strong Arm comes into view.
They are wielding a +0 trident.
Robin shouts!
You slash the hobgoblin!
You kill the hobgoblin!
You hear a shout!
Robin roars a battlecry!
The goblins go into a battle-frenzy!
You hear a shout!
You closely miss the goblin.
The goblin hits you with a +0 dagger of electrocution.
You are electrocuted!!
Ouch! That really hurt!
* * * LOW HITPOINT WARNING * * *
The goblin hits you with a +0 dagger of electrocution.
* * * LOW HITPOINT WARNING * * *
The goblin no longer looks unusually strong.
Robin roars a battlecry!
The goblin goes into a battle-frenzy!
The goblin no longer looks unusually strong.
You see here a +0 dagger.
The goblin no longer looks unusually strong.
The goblin no longer looks unusually strong.
Robin roars a battlecry!
The goblins go into a battle-frenzy!
The goblin no longer looks unusually strong.
The goblin hits you but does no damage.
You are electrocuted!!
Ouch! That really hurt!
You die...

........#
###...<......#.#
##)#########
#...#######....#
#.......g.# #...#
###### #.#.....#.#
#...# ####.....#g#
###.# ##
........g#.# #.#
##. ###......#g#
#.# #..
........g#.# #.#
#..
###......#.#####@#
#.. #
#...g..#..g.gg.#
#.. #
#......#########
#.. #
#.#.......... #..
# #.#..########
#.. # #.#..# ###
###.#..########
....#....g)gg.#
######.######.#.#


You could see 3 goblins.

Vanquished Creatures
  2 worms
  A dart slug (D:2)
  A bat (D:1)
  2 giant cockroaches (D:1)
  6 goblins
  3 hobgoblins (D:2)
  2 jackals (D:2)
  5 kobolds
  A quokka (D:2)
  3 ball pythons
  A frilled lizard (D:2)
  4 rats
31 creatures vanquished.

Notes
Turn   | Place    | Note
-------+----------+-------------------------------------------
     0 | D:1      | safid the Hill Orc Fighter began the quest for the Orb.
     0 | D:1      | Reached XP level 1. HP: 19/19 MP: 1/1
   282 | D:1      | Reached XP level 2. HP: 27/27 MP: 2/2
   518 | D:1      | Found a faded altar of an unknown god.
   653 | D:1      | Found Fad Kion's Assorted Antiques.
   786 | D:2      | Reached skill level 4 in Fighting
   797 | D:2      | Reached XP level 3. HP: 30/33 MP: 3/3
  1026 | D:2      | Found a radiant altar of Vehumet.
  1405 | D:2      | Noticed Robin
  1451 | D:2      | Mangled by a goblin

Illustrated notes

Levels and vault maps discovered:
D:1:      dpeg_arrival_brainrot, layout_rooms, shapermc_ecumenical_altar_ellora,
          serial_shops, nicolae_shop_behind_doors
D:2:      layout_basic, basic_altar, uniq_robin

Skill      XL: |  1  2 |
---------------+-------+-----
Axes           | 3 |  3.5
Fighting       | 4 |  4.0
Armour         | |  3.8
Shields        | |  3.8

Action                   || total
-------------------------++-------
Melee: War axe           ||    86
Armor: Scale mail        ||    36
Dodge: Dodged            ||    44
Block: Buckler           ||    17
